Map: Ruby Rock LE

Players

Jamin - Winner!

  • Race: Terran Terran
  • League: Silver
  • Spawn Location: 5:00

VOD

Have the link to the VOD?

Description

Time

  • Played on: Nov. 29, 2025, 5:56 a.m.
  • Length: 16:09
Show
View Real Time Build Order
Export as new Build Order

Jamin Terran - Winner!

Build Orders:  

Get SALT Encoding   

  12  0:00  SCV  
  13  0:22  Supply Depot  
  13  0:23  SCV  
  14  0:40  SCV  
  14  0:44  Refinery  
  15  0:57  Barracks  
  15  1:03  SCV  
  16  1:20  SCV  
  17  1:37  SCV  
  19  2:02  Orbital Command, Supply Depot  
  19  2:12  Reaper  
  19  2:40  Command Center  
  19  2:44  SCV  
  20  3:07  Factory  
  20  3:08  SCV  
  21  3:11  Refinery  
  21  3:13  Marine  
  22  3:25  SCV  
  23  3:37  Supply Depot  
  23  3:38  Marine  
  24  3:42  SCV  
  25  4:02  SCV  
  25  4:03  Marine  
  27  4:18  SCV  
  27  4:19  Factory Reactor  
  28  4:27  Starport  
  28  4:28  Orbital Command  
  28  4:32  Supply Depot  
  28  4:35  Marine  
  29  4:57  Barracks  
  29  4:59  SCV  
  30  5:02  Barracks  
  30  5:05  SCV  
  31  5:16  SCV  
  32  5:30  SCV  
  32  5:33  SCV  
  34  5:51  Barracks Reactor  
  34  5:57  SCV x2  
  36  6:12  Barracks Reactor, Stimpack  
  36  6:13  Barracks Tech Lab  
  36  6:14  Medivac  
  36  6:15  Medivac  
  40  6:24  SCV x2  
  42  6:34  Supply Depot  
  42  6:39  Marine  
  43  6:41  SCV x2  
  45  6:50  Marine  
  45  6:51  Marine  
  45  6:56  Medivac  
  45  6:57  Medivac  
  45  6:58  SCV x2  
  53  7:07  Barracks  
  53  7:09  Supply Depot  
  53  7:11  Barracks  
  53  7:13  Marine x2  
  53  7:15  SCV x2  
  57  7:20  Marine x2  
  59  7:32  SCV x2  
  59  7:38  Medivac, Marine, Refinery  
  59  7:39  Marine x2  
  66  7:41  Refinery  
  66  7:42  Medivac  
  66  7:49  SCV x2  
  70  7:53  Marine x2  
  72  8:06  SCV x2  
  74  8:16  Marine x2  
  74  8:17  Barracks Reactor  
  74  8:18  Barracks Reactor  
  74  8:19  Marine x2  
  78  8:34  SCV  
  78  8:58  Supply Depot  
  78  9:00  Command Center  
  78  9:03  Supply Depot  
  78  9:17  Supply Depot  
  78  9:18  Supply Depot  
  78  9:26  SCV, Marine x2  
  78  9:28  SCV, Marine x7  
  85  9:36  Unknown  
  75  9:43  SCV  
  76  9:59  Marine x3  
  79  10:00  Marine x5  
  79  10:01  Marine  
  79  10:04  Medivac x2  
  79  10:06  SCV x2  
  83  10:24  Marine x3  
  83  10:25  Marine x3  
  82  10:39  Marine x3  
  77  10:43  Orbital Command  
  77  10:45  SCV x2  
  77  10:49  Medivac x2, Marine  
  79  10:50  Marine  
  79  10:51  Marine x4  
  79  10:58  Supply Depot  
  84  11:00  Supply Depot  
  84  11:02  SCV x2  
  84  11:03  Marine  
  87  11:28  Refinery  
  90  11:33  Marine x5  
  90  11:34  Refinery, Marine x3  
  90  11:35  Marine  
  90  11:38  Medivac x2  
  100  11:57  Marine  
  100  11:58  Marine x5  
  100  11:59  Marine  
  107  12:06  Unknown  
  107  12:08  Marine  
  107  12:09  Marine  
  109  12:15  Supply Depot  
  109  12:19  Supply Depot  
  109  12:22  Marine  
  109  12:23  Marine x5  
  109  12:24  Marine  
  116  12:41  Marine  
  116  12:42  Marine  
  116  12:43  Medivac x2  
  116  12:47  Marine  
  116  12:48  Marine x2  
  125  13:08  Unknown  
  120  13:18  Unknown  
  107  13:31  Marine x2  
  107  13:32  Marine x4  
  107  13:33  Marine x3  
  107  13:38  Medivac  
  107  13:39  Medivac  
  114  13:56  Marine x2  
  114  13:57  Marine x5  
  118  14:24  Marine x4  
  118  14:25  Unknown, Marine x4  
  118  14:26  Marine  
  127  14:49  Marine x3  
  130  14:54  Medivac x2  
  130  15:13  Marine x4  
  130  15:14  Marine x4  
  130  15:15  Marine  
  130  15:19  Supply Depot  
  139  15:21  Supply Depot  
Tags
 
League
Silver
Matchup
Co-op
Add a new tag
Caveats
  • Supply blocks, unpowered buildings, or Contaminate may cause inaccurate times.
  • Supply counts are checked every 10 seconds.